AoeStats
← AxingQuestions

Lombardia

507604016Analyzed
4v4 RM · 12d ago on Sep 19, 2026· 19m 55s· 8 players
Game mode
Random Map
Map size
Large (8 player)
Population
200
Speed
Normal
Resources
Standard
Victory
Conquest
Starting age
Dark Age
Ending age
Imperial Age
RankedLock teamsTeams togetherTeam positionsShared explorationLock speedFull tech treeHidden civsTurbo modeCheats
Victory
Defeat
🇨🇴 Maya · Colombia
1306
+14
🇨🇴 Khmer · Colombia
1287
+15
🇲🇽 Poles · Mexico
1286
+15
🇨🇴 Romans · Colombia
1233
+18
🇫🇷 Cumans · France
1276
-16
🇺🇸 Vikings · United States
1272
-15
🇺🇸 Franks · United States
1271
-16
🇺🇸 Cumans · United States
1260
-15
mR_GrincH_
10:22 Feudal Age
11:04 Double-Bit Axe
14:39 Forging
16:07 Scale Barding Armor
18:02 Wheelbarrow
18:20 Gold Mining
AxingQuestions
8:25 Loom
10:42 Feudal Age
15:16 Castle Age
14:22 Double-Bit Axe
14:58 Horse Collar
16:28 Bow Saw
raggnar_lothbrook
8:48 Feudal Age
8:04 Loom
18:24 Bloodlines
Sahraoui
3:23 Loom
10:03 Feudal Age
10:56 Double-Bit Axe
15:58 Forging
18:37 Scale Barding Armor
JAGR | CIHUACOATL
5:33 Loom
5:37 Loom
9:10 Feudal Age
9:39 Double-Bit Axe
15:53 Wheelbarrow
18:49 Castle Age
17:52 Scale Barding Armor
19:25 Horse Collar
JAGR | Luigi-gb
6:21 Loom
10:18 Feudal Age
13:37 Castle Age
11:32 Double-Bit Axe
13:11 Loom
13:35 Horse Collar
JAGR | HIPERYON
8:08 Loom
10:39 Feudal Age
11:14 Double-Bit Axe
11:13 Horse Collar
15:42 Forging
JAGR | juankof
0:27 Loom
9:55 Feudal Age
17:20 Fletching
20:06 Double-Bit Axe
Connection lost

Rejoining the realm…

Still unreachable

The connection could not be restored.

Session expired

The server has moved on; the page needs a fresh start.